PAAA
BLOOMINGTON LONGNECKS @ SCRANTON SUPERNOVAS
05/06/2034
 
TOP OF THE 1ST
Bloomington Longnecks batting - Pitching for Scranton Supernovas : LHP Phil Miles
Pitching: LHP Phil Miles
Batting: RHB Tony Martínez 0-0: Ball
1-0: Ball
2-0: Called Strike
2-1: Fly out, F7 (Flyball, 78M)
Batting: RHB Yu-shu Tseng 0-0: Ball
1-0: SINGLE (Groundball, 6MD)
Batting: RHB Carlos Cardona 0-0: Ball
1-0: Swinging Strike
1-1: SINGLE (Line Drive, 78M)
Yu-shu Tseng to second
Batting: RHB Fletcher Megarity 0-0: Foul Ball, location: 2F
0-1: Called Strike
0-2: Grounds into double play, 5-4-3 (Groundball, 56)
Top of the 1st over - 0 runs, 2 hits, 0 errors, 1 left on base; Bloomington 0 - Scranton 0
BOTTOM OF THE 1ST
Scranton Supernovas batting - Pitching for Bloomington Longnecks : RHP David Torres
Pitching: RHP David Torres
Batting: RHB Jesús Guzmán 0-0: Called Strike
0-1: Ball
1-1: Ball
2-1: Swinging Strike
2-2: Strikes out swinging
Batting: RHB José Bravo 0-0: Called Strike
0-1: Called Strike
0-2: Ground out 4-3 (Groundball, 4)
Batting: LHB Hai-feng Tang 0-0: Called Strike
0-1: Called Strike
0-2: Ball
1-2: Foul Ball, location: 2F
1-2: Ball
2-2: Fly out, F6 (Popup, 6M)
Bottom of the 1st over - 0 runs, 0 hits, 0 errors, 0 left on base; Bloomington 0 - Scranton 0
TOP OF THE 2ND
Bloomington Longnecks batting - Pitching for Scranton Supernovas : LHP Phil Miles
Batting: SHB Benedict Patel 0-0: Ball
1-0: Called Strike
1-1: Fly out, F3 (Popup, 3S)
Batting: RHB Toussiant L'Ouverture 0-0: Called Strike
0-1: Ball
1-1: Ball
2-1: Ground out 4-3 (Groundball, 4)
Batting: RHB Sébastien Bernard 0-0: Foul Ball, location: 2F
0-1: Foul Ball, location: 2F
0-2: Ground out 5-3 (Groundball, 56)
Top of the 2nd over - 0 runs, 0 hits, 0 errors, 0 left on base; Bloomington 0 - Scranton 0
BOTTOM OF THE 2ND
Scranton Supernovas batting - Pitching for Bloomington Longnecks : RHP David Torres
Batting: LHB Chase Popoff 0-0: Called Strike
0-1: Ball
1-1: Swinging Strike
1-2: Foul Ball, location: 2F
1-2: Foul Ball, location: 2F
1-2: SINGLE (Line Drive, 4MD)
Batting: LHB Rafael Sánchez 0-0: Ball
1-0: Ball
2-0: Called Strike
2-1: Foul Ball, location: 2F
2-2: Ball
3-2: Ground out 3-1 (Groundball, 34S)
Chase Popoff to second
Batting: RHB José Rodríguez 0-0: Ball
1-0: Ball
2-0: Foul Ball, location: 2F
2-1: Ball
3-1: SINGLE (Groundball, 56D)
Chase Popoff to third
Batting: RHB Mike Pate 0-0: Foul Ball, location: 2F
0-1: Called Strike
0-2: Ball
1-2: Ball
2-2: Strikes out looking
Batting: RHB Augusto Escobar 0-0: Ball
1-0: Ground out 5-3 (Groundball, 5S)
Bottom of the 2nd over - 0 runs, 2 hits, 0 errors, 2 left on base; Bloomington 0 - Scranton 0
TOP OF THE 3RD
Bloomington Longnecks batting - Pitching for Scranton Supernovas : LHP Phil Miles
Batting: LHB Henk van Aardschot 0-0: Fly out, F8 (Flyball, 8RS)
Batting: RHB Eun-bum Kim 0-0: Foul Ball, location: 2F
0-1: Called Strike
0-2: Ball
1-2: Ball
2-2: Foul Ball, location: 2F
2-2: Foul Ball, location: 2F
2-2: Ground out 3-1 (Groundball, 34)
Batting: RHB Tony Martínez 0-0: SINGLE (Groundball, 6MD)
Batting: RHB Yu-shu Tseng 0-0: Called Strike
0-1: SINGLE (Line Drive, 6M)
Tony Martínez to second
Batting: RHB Carlos Cardona 0-0: Ball
1-0: Fielders Choice at 2nd, 6-4 (Groundball, 6)
Top of the 3rd over - 0 runs, 2 hits, 0 errors, 2 left on base; Bloomington 0 - Scranton 0
BOTTOM OF THE 3RD
Scranton Supernovas batting - Pitching for Bloomington Longnecks : RHP David Torres
Batting: RHB Tomás Flores 0-0: Ball
1-0: Fly out, F8 (Line Drive, 8LM)
Batting: RHB Jesús Guzmán 0-0: Called Strike
0-1: Foul Ball, location: 2F
0-2: Ball
1-2: Fly out, F9 (Flyball, 9)
Batting: RHB José Bravo 0-0: Ball
1-0: Called Strike
1-1: Ball
2-1: Called Strike
2-2: Ground out 1-3 (Groundball, 15S)
Bottom of the 3rd over - 0 runs, 0 hits, 0 errors, 0 left on base; Bloomington 0 - Scranton 0
TOP OF THE 4TH
Bloomington Longnecks batting - Pitching for Scranton Supernovas : LHP Phil Miles
Batting: RHB Fletcher Megarity 0-0: Fly out, F4 (Popup, 4)
Batting: SHB Benedict Patel 0-0: Foul Ball, location: 2F
0-1: Ball
1-1: Foul Ball, location: 2F
1-2: Foul Ball, location: 2F
1-2: Ball
2-2: Hit by Pitch
Batting: RHB Toussiant L'Ouverture 0-0: Ball
Benedict Patel is caught stealing 2nd base
1-0: Ball
2-0: Swinging Strike
2-1: Foul Ball, location: 2F
2-2: Foul Ball, location: 2F
2-2: Strikes out swinging
Top of the 4th over - 0 runs, 0 hits, 0 errors, 0 left on base; Bloomington 0 - Scranton 0
BOTTOM OF THE 4TH
Scranton Supernovas batting - Pitching for Bloomington Longnecks : RHP David Torres
Batting: LHB Hai-feng Tang 0-0: Foul Ball, location: 2F
0-1: Swinging Strike
0-2: Ball
1-2: Ball
2-2: Foul Ball, location: 2F
2-2: Ball
3-2: Strikes out swinging
Batting: LHB Chase Popoff 0-0: Called Strike
0-1: Ball
1-1: Called Strike
1-2: Ball
2-2: Ground out 4-3 (Groundball, 34D)
Batting: LHB Rafael Sánchez 0-0: Called Strike
0-1: Called Strike
0-2: Ball
1-2: Fly out, F8 (Flyball, 89M)
Bottom of the 4th over - 0 runs, 0 hits, 0 errors, 0 left on base; Bloomington 0 - Scranton 0
TOP OF THE 5TH
Bloomington Longnecks batting - Pitching for Scranton Supernovas : LHP Phil Miles
Batting: RHB Sébastien Bernard 0-0: Ball
1-0: Ball
2-0: Called Strike
2-1: Called Strike
2-2: Ball
3-2: Base on Balls
Batting: LHB Henk van Aardschot 0-0: Ball
1-0: DOUBLE (Line Drive, 9LM)
Sébastien Bernard to third
Batting: RHB Eun-bum Kim 0-0: Ball
1-0: Ball
2-0: SINGLE (Line Drive, 4D)
Sébastien Bernard scores
Henk van Aardschot to third
Runner from 3rd tries for Home, SAFE, no throw
Batting: RHB Tony Martínez 0-0: Sac Bunt - play at first, batter OUT! 1-3
Eun-bum Kim to second
Batting: RHB Yu-shu Tseng 0-0: Ball
1-0: Foul Ball, location: 2F
1-1: Ball
2-1: Ball
3-1: Swinging Strike
3-2: Base on Balls
Batting: RHB Carlos Cardona 0-0: SINGLE (Flyball, 9S)
Eun-bum Kim to third
Yu-shu Tseng to second
Runner from 3rd tries for Home, SAFE, no throw
Batting: RHB Fletcher Megarity 0-0: Ball
1-0: Called Strike
Yu-shu Tseng steals 3rd base
1-1: Ball
2-1: DOUBLE (Line Drive, 7LM)
Yu-shu Tseng scores
Carlos Cardona to third
Batting: SHB Benedict Patel 0-0: Ball
1-0: Ball
2-0: Ball
3-0: Base on Balls
Batting: RHB Toussiant L'Ouverture 0-0: Grounds into double play, 6-4-3 (Groundball, 6D)
Top of the 5th over - 4 runs, 4 hits, 0 errors, 2 left on base; Bloomington 4 - Scranton 0
BOTTOM OF THE 5TH
Scranton Supernovas batting - Pitching for Bloomington Longnecks : RHP David Torres
Batting: RHB José Rodríguez 0-0: Ball
1-0: Ball
2-0: Swinging Strike
2-1: Ball
3-1: Called Strike
3-2: Ground out 5-3 (Groundball, 5)
Batting: RHB Mike Pate 0-0: Called Strike
0-1: Foul Ball, location: 2F
0-2: Ball
1-2: Strikes out swinging
Batting: RHB Augusto Escobar 0-0: Ball
1-0: Foul Ball, location: 2F
1-1: Foul Ball, location: 2F
1-2: Ball
2-2: Strikes out swinging
Bottom of the 5th over - 0 runs, 0 hits, 0 errors, 0 left on base; Bloomington 4 - Scranton 0
TOP OF THE 6TH
Bloomington Longnecks batting - Pitching for Scranton Supernovas : LHP Phil Miles
Batting: RHB Sébastien Bernard 0-0: Ball
1-0: Called Strike
1-1: Foul Ball, location: 2F
1-2: Ball
2-2: Ball
3-2: Ground out 6-3 (Groundball, 6)
Batting: LHB Henk van Aardschot 0-0: Called Strike
0-1: Ball
1-1: DOUBLE (Flyball, 8LD)
Batting: RHB Eun-bum Kim 0-0: Intentional Walk
Batting: RHB Tony Martínez 0-0: Called Strike
0-1: Swinging Strike
0-2: Foul Ball, location: 2F
0-2: Ball
1-2: Foul Ball, location: 2F
1-2: Strikes out looking
Batting: RHB Yu-shu Tseng 0-0: Fly out, F7 (Flyball, 7S)
Top of the 6th over - 0 runs, 1 hit, 0 errors, 2 left on base; Bloomington 4 - Scranton 0
BOTTOM OF THE 6TH
Scranton Supernovas batting - Pitching for Bloomington Longnecks : RHP David Torres
Batting: RHB Tomás Flores 0-0: Ball
1-0: Ball
2-0: Called Strike
2-1: Ground out 4-3 (Groundball, 4)
Batting: RHB Jesús Guzmán 0-0: Called Strike
0-1: Ball
1-1: Ground out 5-3 (Groundball, 5S)
Batting: RHB José Bravo 0-0: Ball
1-0: Ball
2-0: Ball
3-0: Called Strike
3-1: Ground out 5-3 (Groundball, 56)
Bottom of the 6th over - 0 runs, 0 hits, 0 errors, 0 left on base; Bloomington 4 - Scranton 0
TOP OF THE 7TH
Bloomington Longnecks batting - Pitching for Scranton Supernovas : LHP Phil Miles
Batting: RHB Carlos Cardona 0-0: Foul Ball, location: 2F
0-1: DOUBLE (Groundball, 3L)
Batting: RHB Fletcher Megarity 0-0: Intentional Walk
Batting: SHB Benedict Patel 0-0: Called Strike
0-1: Ball
1-1: Called Strike
1-2: Fly out, F8 (Flyball, 8RM)
Batting: RHB Toussiant L'Ouverture 0-0: Ball
1-0: Ball
2-0: Fly out, F4 (Popup, 4MD)
Pitching: RHP Osvaldo Garibe
Batting: RHB Sébastien Bernard 0-0: Ball
1-0: Called Strike
1-1: Ball
2-1: Fly out, F9 (Flyball, 9D)
Top of the 7th over - 0 runs, 1 hit, 0 errors, 2 left on base; Bloomington 4 - Scranton 0
BOTTOM OF THE 7TH
Scranton Supernovas batting - Pitching for Bloomington Longnecks : RHP David Torres
Pitching: LHP Steve Wortley
Batting: LHB Hai-feng Tang 0-0: Ball
1-0: Swinging Strike
1-1: Fly out, F8 (Flyball, 8RS)
Batting: LHB Chase Popoff 0-0: Ground out 4-3 (Groundball, 4)
Batting: LHB Rafael Sánchez 0-0: Foul Ball, location: 2F
0-1: Called Strike
0-2: Foul Ball, location: 2F
0-2: Ball
1-2: Ball
2-2: Ball
3-2: Base on Balls
Batting: RHB José Rodríguez 0-0: Called Strike
0-1: Ground out 4-3 (Groundball, 4MS)
Bottom of the 7th over - 0 runs, 0 hits, 0 errors, 1 left on base; Bloomington 4 - Scranton 0
TOP OF THE 8TH
Bloomington Longnecks batting - Pitching for Scranton Supernovas : RHP Osvaldo Garibe
Batting: LHB Henk van Aardschot 0-0: Ball
1-0: Ball
2-0: Ball
3-0: Foul Ball, location: 2F
3-1: Swinging Strike
3-2: Strikes out swinging
Batting: RHB Eun-bum Kim 0-0: Ball
1-0: Ball
2-0: Called Strike
2-1: Ground out 5-3 (Groundball, 6MS)
Batting: RHB Tony Martínez 0-0: Foul Ball, location: 2F
0-1: Ball
1-1: Ball
2-1: Foul Ball, location: 2F
2-2: Foul Ball, location: 2F
2-2: Fly out, F8 (Line Drive, 8LM)
Top of the 8th over - 0 runs, 0 hits, 0 errors, 0 left on base; Bloomington 4 - Scranton 0
BOTTOM OF THE 8TH
Scranton Supernovas batting - Pitching for Bloomington Longnecks : LHP Steve Wortley
Batting: RHB Mike Pate 0-0: Called Strike
0-1: Fly out, F9 (Flyball, 9LM)
Batting: RHB Augusto Escobar 0-0: Ball
1-0: Called Strike
1-1: Ball
2-1: Ball
3-1: Foul Ball, location: 2F
3-2: Foul Ball, location: 2F
3-2: Foul Ball, location: 2F
3-2: Foul Ball, location: 2F
3-2: Strikes out swinging
Batting: RHB Tomás Flores 0-0: Ball
1-0: Ball
2-0: Ball
3-0: Base on Balls
Batting: RHB Jesús Guzmán 0-0: Ball
1-0: Ball
2-0: Ball
3-0: Called Strike
3-1: Base on Balls
Tomás Flores to second
Batting: RHB José Bravo 0-0: Ball
1-0: Swinging Strike
1-1: Ball
2-1: Foul Ball, location: 2F
2-2: Fly out, F9 (Flyball, 89D)
Bottom of the 8th over - 0 runs, 0 hits, 0 errors, 2 left on base; Bloomington 4 - Scranton 0
TOP OF THE 9TH
Bloomington Longnecks batting - Pitching for Scranton Supernovas : RHP Orlando Ángel
Pitching: RHP Orlando Ángel
Batting: RHB Yu-shu Tseng 0-0: Called Strike
0-1: Ball
1-1: Foul Ball, location: 2F
1-2: Foul Ball, location: 2F
1-2: DOUBLE (Flyball, 8LXD)
Batting: RHB Carlos Cardona 0-0: Intentional Walk
Batting: RHB Fletcher Megarity 0-0: Ball
Yu-shu Tseng steals 3rd base
1-0: SINGLE (Groundball, 4D)
Yu-shu Tseng scores
Carlos Cardona to second
Runner from 2nd tries for 3rd, SAFE, no throw
Batting: SHB Benedict Patel 0-0: Fly out, F7 (Flyball, 7D)
Runner from 3rd tags up, OUT at HOME
Fletcher Megarity to second
Batting: RHB Toussiant L'Ouverture 0-0: Ball
1-0: Foul Ball, location: 2F
1-1: Foul Ball, location: 2F
1-2: Ball
2-2: Ball
3-2: Ground out 6-3 (Groundball, 6M)
Top of the 9th over - 1 run, 2 hits, 0 errors, 1 left on base; Bloomington 5 - Scranton 0
BOTTOM OF THE 9TH
Scranton Supernovas batting - Pitching for Bloomington Longnecks : LHP Steve Wortley
Batting: LHB Hai-feng Tang 0-0: Called Strike
0-1: Called Strike
0-2: Ball
1-2: Ball
2-2: Strikes out swinging
Batting: LHB Chase Popoff 0-0: Swinging Strike
0-1: Foul Ball, location: 2F
0-2: Ball
1-2: Ball
2-2: Ball
3-2: Base on Balls
Batting: LHB Rafael Sánchez 0-0: Swinging Strike
0-1: Ball
1-1: Ball
2-1: Called Strike
2-2: Ball
3-2: 2-RUN HOME RUN (Flyball, 89XD), Distance : 428 ft
Pitching: RHP Cristián Moreno
Batting: RHB José Rodríguez 0-0: Called Strike
0-1: Foul Ball, location: 2F
0-2: Ball
1-2: Foul Ball, location: 2F
1-2: Foul Ball, location: 2F
1-2: Ball
2-2: Strikes out swinging
Batting: RHB Mike Pate 0-0: Ball
1-0: Swinging Strike
1-1: SINGLE (Groundball, 6MD)
Pitching: RHP Mark Zaugg
Batting: RHB Augusto Escobar 0-0: SINGLE (Groundball, 6MD)
Mike Pate to second
Pinch Hitting: RHB Luke Kreijling 0-0: Ball
1-0: Ground out 6-3 (Groundball, 6MD)
Bottom of the 9th over - 2 runs, 3 hits, 0 errors, 2 left on base; Bloomington 5 - Scranton 2
Friday, March 29th, 2019 - OOTP Baseball 18.8 Build 76